 Dungeon Crawl Stone Soup version 0.20-a0-680-g5c496f5 (webtiles) character file.

10683 HEYYEYAAE the Basher (level 11, -4/172 HPs)
             Began as a Troll Berserker on Feb 18, 2017.
             Was an Elder of Trog.
             Slain by a meliai
             ... wielding a +2 hand axe of chopping
              (6 damage)
             ... on level 12 of the Dungeon.
             The game lasted 00:14:57 (8056 turns).

HEYYEYAAE the Basher (Troll Berserker)              Turns: 8056, Time: 00:14:58

Health: -4/172     AC: 14    Str: 40    XL:     11   Next: 39%
Magic:  10/10      EV: 10    Int:  3    God:    Trog [****..]
Gold:   501        SH:  0    Dex:  9    Spells: 10/10 levels left

rFire    . . .     SeeInvis .   I - +0 flail (crush)
rCold    . . .     Gourm    +   G - +0 robe {rN+}
rNeg     + . .     Faith    .   (no shield)
rPois    .         Spirit   .   (helmet restricted)
rElec    +         Reflect  .   w - +0 cloak
rCorr    .         Harm     .   (gloves unavailable)
MR       .....                  (boots unavailable)
Stlth    ..........             V - amulet "Koluz" {*Drain rElec Regen+ Str+5 Stlth+}
Regen    1.2/turn               A - +4 ring of protection
MPRegen  0.2/turn               W - +4 ring of protection

@: berserking (expiring), lethally poisoned (-4 -> -25), very quick
A: unfitting armour, claws 3, fast metabolism 3, gourmand, regeneration 1,
shaggy fur 1, tough skin 2
a: Berserk, Trog's Hand, Brothers in Arms, Burn Spellbooks, Renounce Religion


You were on level 12 of the Dungeon.
You worshipped Trog.
Trog was greatly pleased with you.
You were not hungry.

You visited 2 branches of the dungeon, and saw 13 of its levels.
You also visited: Ossuary.

You collected 838 gold pieces.
You spent 337 gold pieces at shops.

Inventory:

Hand Weapons
 a - a +0 whip of draining
 i - a +0 giant spiked club
 r - a +0 giant spiked club
 I - a +0 flail of crushing (weapon)
Armour
 w - a +0 cloak (worn)
 G - a +0 robe of positive energy (worn)
 S - a scarf of cold resistance
Jewellery
 y - a +1 ring of slaying
 A - a +4 ring of protection (right claw)
 F - an uncursed amulet of guardian spirit
 O - an uncursed ring of wizardry
 V - the amulet "Koluz" (around neck) {*Drain rElec Regen+ Str+5 Stlth+}
   (You bought it in a shop on level 11 of the Dungeon)

   [amulet of regeneration]

   It affects your strength (+5).
   It insulates you from electricity.
   It increases your rate of regeneration.
   It causes draining when unequipped.
   It makes you more stealthy.
 W - a +4 ring of protection (left claw)
 X - an uncursed ring of protection from cold {unknown}
Wands
 b - a wand of digging (17/24)
 u - a wand of flame (20/48)
 B - a wand of random effects (30/48)
 E - a wand of flame (13/48)
 N - a wand of disintegration (6/24)
 Q - a wand of random effects (30/48)
 Z - a wand of flame (22/48)
Scrolls
 d - a scroll of immolation
 f - 15 scrolls of remove curse
 j - a scroll of fog
 k - 5 scrolls of amnesia
 n - a scroll of teleportation
 p - 2 scrolls of noise
 q - 2 scrolls of enchant armour
 z - a scroll of magic mapping
 H - 2 scrolls of enchant weapon
 J - a scroll of random uselessness {unknown}
 K - a scroll of recharging {unknown}
 P - a scroll of holy word {unknown}
 T - a scroll of fear {unknown}
 U - a scroll of silence {unknown}
Potions
 e - 2 potions of brilliance
 g - 2 potions of lignification
 l - a potion of might
 o - a potion of resistance
 s - 8 potions of flight
 t - 4 potions of curing
 C - 2 potions of agility
 D - 3 potions of heal wounds {unknown}
 L - 2 potions of mutation {unknown}
 R - a potion of berserk rage {unknown}
 Y - a potion of magic {unknown}
Books
 x - a book of Maledictions

   Spells                             Type                      Level
   a - Corona                         Hexes                        1
   b - Ensorcelled Hibernation        Hexes/Ice                    2
   c - Confuse                        Hexes                        3
   d - Tukima's Dance                 Hexes                        3
   e - Dazzling Spray                 Conjuration/Hexes            3
   Trog disapproves of the use of such an item.
 M - a book of Maledictions

   Spells                             Type                      Level
   a - Corona                         Hexes                        1
   b - Ensorcelled Hibernation        Hexes/Ice                    2
   c - Confuse                        Hexes                        3
   d - Tukima's Dance                 Hexes                        3
   e - Dazzling Spray                 Conjuration/Hexes            3
   Trog disapproves of the use of such an item.
Comestibles
 c - 10 bread rations
 h - 10 royal jellies
 m - 4 fruits
 v - 11 meat rations


   Skills:
 + Level 9.1 Fighting
 * Level 13.4 Maces & Flails
 - Level 2.4 Dodging


You had 10 spell levels left.
You didn't know any spells.

Dungeon Overview and Level Annotations

Branches:
Dungeon (12/15)            Temple (1/1) D:7            Lair (0/6) D:10
    Orc (0/2) D:11

Altars:
Elyvilon
Fedhas
Gozag
Hepliaklqana
Nemelex Xobeh
Okawaru
Ru
Uskayaw
Xom
Yredelemnul
The Shining One

Shops:
D:6 (   D:11 *


Innate Abilities, Weirdness & Mutations

You are too large for most types of armour.
You have claws for hands.
Your metabolism is lightning-fast.
You like to eat raw meat.
Your natural rate of healing is unusually fast.
You are covered in fur. (AC +1)
You have very tough skin. (AC +2)


Message History

* * * LOW HITPOINT WARNING * * *
You feel sick. The meliai closely misses you. The meliai stings you.
* * * LOW HITPOINT WARNING * * *
Unknown command.
Unknown command.
You thump the meliai!
The meliai is heavily wounded.
* * * LOW HITPOINT WARNING * * *
You feel sick.
The meliai hits you with a hand axe of chopping.
* * * LOW HITPOINT WARNING * * *
x2 The meliai closely misses you.
The meliai hits you but does no damage. The meliai stings you!
* * * LOW HITPOINT WARNING * * *
Unknown command.
Unknown command.
* * * LOW HITPOINT WARNING * * *
You feel very sick.
The meliai hits you with a hand axe of chopping.
You die...

########<.#
..........#
..........#
#########.#
#.# #.#
..##########.#
.?.yy.§§§§§..#
......§§§y@..#
...y.?§§y§§..#
.###########.#
#.# #.# #.# .#
.# .#


You could see 2 meliai.

Vanquished Creatures
  Fannar (D:11)
  Harold (D:11)
  A two-headed ogre (D:8)
  A hydra (D:11)
  An unseen horror (D:11)
  An orange crystal statue (D:10)
  A centaur zombie (D:12)
  A troll (D:9)
  A meliai (D:12)
  Prince Ribbit (D:7)
  A hippogriff (D:7)
  Sigmund (D:4)
  6 yaks (D:10)
  4 hogs (D:7)
  The ghost of Ajdolov the Skirmisher, an amateur BaFi (D:4)
  A human (D:7)
  Grum (D:11)
  Duvessa (D:7)
  2 sky beasts
  3 ogres
  An ice beast (D:7)
  2 orc warriors
  A phantom (D:4)
  A centaur (D:9)
  4 wolves (D:11)
  2 crocodiles
  A big kobold (D:11)
  5 bullfrogs
  Dowan (D:7)
  A scorpion (D:4)
  6 killer bees
  A water moccasin skeleton (D:8)
  3 howler monkeys
  A crimson imp (D:11)
  A quasit (D:9)
  A bullfrog zombie (D:8)
  5 orc priests
  3 jellies
  3 hounds
  2 bullfrog skeletons
  3 centaur skeletons
  8 orc wizards
  3 iguanas
  Natasha (thrice) (D:3)
  5 worker ants
  A big kobold zombie (Ossuary)
  8 mummies (Ossuary)
  A worker ant zombie (D:10)
  6 adders
  4 gnolls (D:3)
  2 shadow imps
  3 oozes
  3 worms
  3 dart slugs
  5 leopard geckos
  29 orcs
  3 giant cockroaches
  4 goblins
  7 hobgoblins
  19 jackals
  7 quokkas
  10 bats
  7 frilled lizards
  A hobgoblin zombie (Ossuary)
  A jackal zombie (D:5)
  9 kobolds
  5 kobold zombies (Ossuary)
  A leopard gecko skeleton (D:8)
  An orc zombie (Ossuary)
  5 rats
243 creatures vanquished.

Vanquished Creatures (collateral kills)
  A sky beast (D:11)
  An ogre (D:11)
  5 killer bees (D:11)
7 creatures vanquished.

Vanquished Creatures (others)
  An orc wizard (D:6)
1 creature vanquished.

Grand Total: 251 creatures vanquished

Notes
Turn   | Place    | Note
-------+----------+-------------------------------------------
     0 | D:1      | HEYYEYAAE the Troll Berserker began the quest for the Orb.
     0 | D:1      | Reached XP level 1. HP: 22/22 MP: 0/0
    86 | D:1      | Reached skill level 3 in Maces & Flails
   187 | D:1      | Reached XP level 2. HP: 29/29 MP: 1/1
   625 | D:2      | Found a basalt altar of Yredelemnul.
   729 | D:2      | Reached XP level 3. HP: 35/36 MP: 2/2
  1244 | D:2      | Reached ** piety under Trog
  1493 | D:3      | Reached skill level 4 in Maces & Flails
  1536 | D:3      | Reached XP level 4. HP: 17/44 MP: 3/3
  1572 | D:3      | Noticed Natasha
  1579 | D:3      | Killed Natasha
  1618 | D:3      | Noticed Natasha
  1627 | D:3      | Killed Natasha
  1647 | D:3      | Reached XP level 5. HP: 48/53 MP: 4/4
  1738 | D:3      | Found a sacrificial altar of Ru.
  1765 | D:3      | Reached skill level 5 in Maces & Flails
  1791 | D:3      | Noticed Natasha
  1799 | D:3      | Killed Natasha
  2014 | D:4      | Reached XP level 6. HP: 52/61 MP: 5/5
  2196 | D:4      | Noticed Ajdolov's ghost (amateur BaFi)
  2204 | D:4      | Killed Ajdolov's ghost
  2204 | D:4      | Reached *** piety under Trog
  2204 | D:4      | Reached skill level 6 in Maces & Flails
  2204 | D:4      | Reached XP level 7. HP: 70/70 MP: 6/6
  2206 | D:4      | Noticed Sigmund
  2218 | D:4      | Killed Sigmund
  2252 | D:4      | Reached skill level 7 in Maces & Flails
  2532 | D:4      | Found a hazy altar of Hepliaklqana.
  2692 | D:5      | Entered Level 5 of the Dungeon
  2918 | D:5      | Found a sand-covered staircase.
  3032 | Ossuary  | Entered an ossuary
  3064 | Ossuary  | Reached XP level 8. HP: 79/79 MP: 7/7
  3075 | Ossuary  | Reached skill level 5 in Fighting
  3571 | D:6      | Reached **** piety under Trog
  3578 | D:6      | Reached skill level 8 in Maces & Flails
  3641 | D:6      | Found a sparkling altar of Nemelex Xobeh.
  3987 | D:6      | Found an iron altar of Okawaru.
  4039 | D:6      | Found Nonoh's Weapon Shop.
  4047 | D:6      | Bought a +0 flail of crushing for 100 gold pieces
  4167 | D:7      | Found a staircase to the Ecumenical Temple.
  4191 | D:7      | Noticed Dowan
  4191 | D:7      | Noticed Prince Ribbit
  4194 | D:7      | Noticed Duvessa
  4224 | D:7      | Killed Duvessa
  4233 | D:7      | Killed Dowan
  4233 | D:7      | Reached skill level 9 in Maces & Flails
  4239 | D:7      | Killed Prince Ribbit
  4276 | D:7      | Reached XP level 9. HP: 76/89 MP: 8/8
  4503 | D:7      | Reached skill level 10 in Maces & Flails
  4632 | Temple   | Entered the Ecumenical Temple
  5254 | D:8      | Found an opulent altar of Gozag.
  5289 | D:8      | Noticed a two-headed ogre
  5299 | D:8      | Killed a two-headed ogre
  5299 | D:8      | Reached skill level 11 in Maces & Flails
  5299 | D:8      | Reached XP level 10. HP: 102/102 MP: 9/9
  5457 | D:8      | Found a white marble altar of Elyvilon.
  6004 | D:9      | Found a glowing golden altar of the Shining One.
  6065 | D:9      | Found a hide-covered altar of Uskayaw.
  6288 | D:10     | Entered Level 10 of the Dungeon
  6394 | D:10     | Reached skill level 12 in Maces & Flails
  6419 | D:10     | Noticed an orange crystal statue
  6529 | D:10     | Killed an orange crystal statue
  6562 | D:10     | Found a staircase to the Lair.
  7055 | D:11     | Noticed Fannar
  7146 | D:11     | Killed Fannar
  7168 | D:11     | Noticed Harold
  7178 | D:11     | Killed Harold
  7178 | D:11     | Reached XP level 11. HP: 79/113 MP: 6/10
  7207 | D:11     | Killed an unseen horror
  7225 | D:11     | Reached skill level 13 in Maces & Flails
  7405 | D:11     | Found a sacrificial altar of Ru.
  7480 | D:11     | Found a staircase to the Orcish Mines.
  7501 | D:11     | Noticed a four-headed hydra
  7520 | D:11     | Killed a four-headed hydra
  7553 | D:11     | Found Umniropt's Assorted Antiques.
  7576 | D:11     | Bought a scroll labeled DAOQEG ZEMPANN for 24 gold pieces
  7576 | D:11     | Bought a scroll labeled QIM WELOSKAWK for 24 gold pieces
  7576 | D:11     | Bought an amethyst potion for 21 gold pieces
  7576 | D:11     | Bought a twitching sapphire amulet for 120 gold pieces
  7576 | D:11     | Bought a ring of protection for 48 gold pieces
  7577 | D:11     | Identified the amulet "Koluz" {*Drain rElec Regen+ Str+5 Stlth+} (You bought it in a shop on level 11 of the Dungeon)
  7750 | D:11     | Noticed Grum
  7781 | D:11     | Killed Grum
  8055 | D:12     | HP: 4/172 [meliai/broad axe (10)]
  8056 | D:12     | Slain by a meliai

Vault maps used:
D:1:      lightli_arrival_windingriver
D:2:      minmay_door_path, yredelemnul_altar_generic, minmay_stone_trees_small
D:3:      nicolae_ru_path_of_blood, uniq_natasha
D:4:      lemuel_round_altar, first_bread, minmay_statues_item, uniq_sigmund
D:5:      nicolae_ossuary_entry_monument
D:6:      kennysheep_mini_moat, kennysheep_little_box, serial_shops,
          nicolae_shop_stone
D:7:      minmay_temple_entry_enclosed_plants, corexii_corridor_pit,
          grunt_livestock, nicolae_lava_and_water, uniq_duvessa,
          uniq_prince_ribbit1
D:8:      nicolae_gozag_cash_rules_everything_around_me, lemuel_doored_altar
D:9:      lemuel_crystal_altar, lemuel_crystal_altar
D:10:     lair_entry_dummy, minivault_16, kennysheep_pointless_box
D:11:     orc_0_dummy, serial_shops, shop, basic_altar, serial_curves,
          eino_curves_01, eino_curves_04, eino_curves_02, uniq_grum,
          uniq_fannar, uniq_harold
D:12:     wad_woods_structure_01, kennysheep_generic_room_8
Temple:   cyrus_circular_temple
Ossuary:  ossuary_tomb_3

Skill      XL: |  1  2  3  4  5  6  7  8  9 10 11 |
---------------+----------------------------------+-----
Maces & Flails | 3 4 5 6 7 9 11 12 13 | 13.4
Fighting       | 3 4 6 7 8 9 |  9.1
Dodging        | |  2.4

Action                   |  1- 3 |  4- 6 |  7- 9 | 10-12 || total
-------------------------+-------+-------+-------+-------++-------
Melee: Mace              |   132 |    86 |   253 |       ||   471
       Flail             |       |       |   159 |   300 ||   459
Invok: Berserk           |     1 |     5 |     7 |     6 ||    19
       Trog's Hand       |       |       |     4 |     3 ||     7
       Brothers in Arms  |       |       |       |     1 ||     1
Evoke: Wand              |       |       |       |     7 ||     7
  Use: Scroll            |       |       |    11 |     8 ||    19
       Potion            |       |       |     6 |     2 ||     8
 Stab: Invisible         |       |       |     3 |       ||     3
  Eat: Chunk             |    16 |    14 |    38 |    28 ||    96
Armor: Animal skin       |    60 |    20 |   120 |       ||   200
       Robe              |       |       |   137 |   146 ||   283
       Skin              |       |       |    21 |       ||    21
Dodge: Dodged            |   118 |    39 |   301 |   145 ||   603
